 Dungeon Crawl Stone Soup version 0.26-a0-362-g1d9a9cd4fa (webtiles) character file.

Game seed: 5130223506991208770

445 BritishOli the Skirmisher (level 6, 44/49 HPs)
             Began as a Demonspawn Fighter on July 18, 2020.
             Quit the game on level 3 of the Dungeon.
             The game lasted 00:02:52 (3812 turns).

BritishOli the Skirmisher (Demonspawn Fighter)      Turns: 3812, Time: 00:02:52

Health: 44/49      AC: 12    Str: 19    XL:     6   Next: 72%
Magic:  6/6        EV:  7    Int:  9    God:
Gold:   171        SH:  9    Dex: 12    Spells: 5/5 levels left

rFire    . . .     SeeInvis .   a - +0 long sword
rCold    . . .     Faith    .   c - +0 kite shield
rNeg     . . .     Spirit   .   b - +0 scale mail
rPois    .         Reflect  .   s - +1 helmet
rElec    .         Harm     .   (no cloak)
rCorr    .                      (no gloves)
MR       .....                  (no boots)
Stlth    ..........             (no amulet)
HPRegen  0.16/turn              (no ring)
MPRegen  0.10/turn              (no ring)

@: no status effects
A: yellow scales 2, demonic guardian 2, spiny 1
a: no special abilities


You were on level 3 of the Dungeon.
You visited 1 branch of the dungeon, and saw 3 of its levels.

You collected 171 gold pieces.

Inventory:

Hand Weapons
 a - a +0 long sword (weapon)
Armour
 b - a +0 scale mail (worn)
 c - a +0 kite shield (worn)
 p - a +0 plate armour
 s - a +1 helmet (worn)
Wands
 n - a wand of digging (5)
 q - a wand of random effects (3)
 v - a wand of polymorph (9)
Scrolls
 e - 7 scrolls of identify {unknown}
 g - 5 scrolls of enchant armour {unknown}
 h - a scroll of blinking {unknown}
 l - a scroll of fog {unknown}
 m - a scroll of immolation {unknown}
 o - 2 scrolls of teleportation {unknown}
 t - a scroll of magic mapping {unknown}
 u - a scroll of remove curse {unknown}
Potions
 d - 2 potions of might
 f - 2 potions of lignification {unknown}
 i - 3 potions of curing {unknown}
 j - 2 potions of brilliance {unknown}
 k - 2 potions of degeneration {unknown}
 r - a potion of flight {unknown}
 w - 2 potions of stabbing {unknown}


   Skills:
 + Level 4.6 Fighting
 + Level 3.6 Long Blades
 + Level 4.1 Armour
 + Level 4.1 Shields


You had 5 spell levels left.
You didn't know any spells.
Your spell library was empty.

Dungeon Overview and Level Annotations

Branches:
Dungeon (3/15)

Altars:
Dithmenos


Innate Abilities, Weirdness & Mutations

You are mostly covered in yellow scales. (AC +3)
A demonic guardian rushes to your aid.
You are partially covered in sharp spines.


Message History

The giant cockroach bites you but does no damage.
The river rat barely misses you. The rat is struck by your spines.
The rat bites you but does no damage.
The giant cockroach splashes around in the water.
Your unstable footing causes you to fumble your attack.
The river rat barely misses you.
You riposte.
Your unstable footing causes you to fumble your attack.
You block the giant cockroach's attack. You block the rat's attack.
You hit the rat but do no damage. The river rat is struck by your spines.
The river rat bites you but does no damage.
The giant cockroach splashes around in the water.
The rat is struck by your spines.
You kill the rat!
The river rat closely misses you. You block the giant cockroach's attack.
The giant cockroach is struck by your spines.
The giant cockroach bites you but does no damage.
You block the river rat's attack.
There is a collapsed entrance here.
You see here a rat corpse.
Are you sure you want to abandon this character and quit the game? (Confirm with "yes".)

##########
#≈≈≈+≈≈≈.#
#r@≈#≈.≈.#
#≈s≈#≈≈..#
#'###≈...#
#≈≈≈≈≈≈..#
#≈≈≈≈≈...#
#.≈≈.)...#
#........#
#.###.####
#.!.†?#


You could see a river rat and a giant cockroach.

Vanquished Creatures
  Ijyb (D:3)
  2 orc wizards (D:3)
  Robin (D:3)
  A river rat (D:3)
  5 adders
  5 worms
  5 dart slugs
  9 orcs (D:3)
  2 ball pythons
  7 bats
  6 giant cockroaches
  25 goblins
  6 hobgoblins
  6 jackals (D:1)
  4 kobolds
  2 quokkas (D:2)
  3 frilled lizards
  8 rats
98 creatures vanquished.

Vanquished Creatures (collateral kills)
  Grinder (D:3)
  Jessica (D:2)
  Terence (D:3)
  An orc (D:3)
  A hobgoblin (D:3)
5 creatures vanquished.

Grand Total: 103 creatures vanquished

Notes
Turn   | Place    | Note
-------+----------+-------------------------------------------
     0 | D:1      | BritishOli the Demonspawn Fighter began the quest for the
                  | Orb.
     0 | D:1      | Reached XP level 1. HP: 18/18 MP: 1/1
   339 | D:1      | Gained mutation: You are partially covered in yellow
                  | scales. (AC +2) [demonic ancestry]
   339 | D:1      | Reached XP level 2. HP: 21/24 MP: 2/2
  1103 | D:2      | Gained mutation: A weak demonic guardian rushes to your
                  | aid. [demonic ancestry]
  1103 | D:2      | Reached XP level 3. HP: 24/29 MP: 3/3
  1774 | D:2      | Gained mutation: You are mostly covered in yellow scales.
                  | (AC +3) [demonic ancestry]
  1774 | D:2      | Reached XP level 4. HP: 35/35 MP: 4/4
  2003 | D:2      | Noticed Jessica
  2014 | D:2      | Killed Jessica
  2763 | D:3      | Noticed Terence
  2765 | D:3      | Gained mutation: A demonic guardian rushes to your aid.
                  | [demonic ancestry]
  2765 | D:3      | Reached XP level 5. HP: 33/42 MP: 5/5
  2770 | D:3      | Killed Terence
  2931 | D:3      | Found a faded altar of an unknown god.
  3020 | D:3      | Found a shadowy altar of Dithmenos.
  3020 | D:3      | Noticed Grinder
  3031 | D:3      | Killed Grinder
  3031 | D:3      | Gained mutation: You are partially covered in sharp spines.
                  | [demonic ancestry]
  3031 | D:3      | Reached XP level 6. HP: 35/48 MP: 6/6
  3069 | D:3      | Noticed Ijyb
  3080 | D:3      | Killed Ijyb
  3392 | D:3      | Noticed Robin
  3411 | D:3      | Killed Robin
  3812 | D:3      | Quit the game

Illustrated notes

Levels and vault maps discovered:
D:1:      saegor_arrival_miasma, layout_loops_corners, minivault_5
D:2:      minmay_thinvault, layout_loops_ring, hangedman_decor_slide_cut,
          uniq_jessica
D:3:      layout_basic, nicolae_overflow_hidden_temple, portal_sewer_entry_e,
          chequers_ecumenical_altar_simple,
          nicolae_dithmenos_through_a_glass_darkly, uniq_robin, uniq_terence,
          uniq_ijyb, uniq_grinder

Skill      XL: |  1  2  3  4  5  6 |
---------------+-------------------+-----
Long Blades    | 2 3 |  3.6
Armour         | 3 4 |  4.1
Shields        | 3 4 |  4.1
Fighting       | 4 |  4.6

Action                   |  1- 3 |  4- 6 || total
-------------------------+-------+-------++-------
Melee: Long sword        |   133 |   166 ||   299
       Unarmed           |       |     3 ||     3
Armor: Scale mail        |    76 |    93 ||   169
       Skin              |       |     1 ||     1
Dodge: Dodged            |    43 |    52 ||    95
Block: Kite shield       |    71 |    83 ||   154
       Rpst.: Long sword |    17 |    12 ||    29

Table legend:
 A = Non-vault XP
 B = Vault XP
 C = Vault XP percentage of total XP
 D = Non-vault monster count
 E = Vault monster count
 F = Vault count percentage of total count
                 A         B        C        D         E       F
            +---------+---------+-------+---------+---------+-------
      Total |     223 |     414 |  65.0 |      63 |      40 |  38.8
            +---------+---------+-------+---------+---------+-------
        D:1 |      39 |      13 |  25.0 |      20 |       1 |   4.8
        D:2 |      32 |      96 |  75.0 |      13 |      17 |  56.7
        D:3 |     152 |     305 |  66.7 |      30 |      22 |  42.3
            +---------+---------+-------+---------+---------+-------
